 Dungeon Crawl Stone Soup version 0.25.1-9-gc5326a611f (webtiles) character file.

Game seed: 6259132094613742804

112436 Sweebthomas the Peltast (level 16, -7/134 HPs)
             Began as a Demonspawn Fighter on Dec 31, 2020.
             Was the Champion of Kikubaaqudgha.
             Mangled by a spark wasp (16 damage)
             ... on level 1 of the Depths on Jan 3, 2021.
             The game lasted 01:11:49 (25584 turns).

Sweebthomas the Peltast (Demonspawn Fighter)       Turns: 25584, Time: 01:11:51

Health: -7/134     AC: 19    Str: 38    XL:     16   Next: 11%
Magic:  16/16      EV:  8    Int: 11    God:    Kikubaaqudgha [******]
Gold:   2006       SH: 16    Dex: 13    Spells: 15/15 levels left

rFire    . . .     SeeInvis .   H - +6 mace (elec)
rCold    . . .     Gourm    .   c - +0 kite shield
rNeg     + . .     Faith    .   m - +6 plate armour of the Shining Light {rCorr Str+4}
rPois    +         Spirit   .   B - +2 hat {MR+}
rElec    .         Reflect  .   X - +0 cloak of the End {rF- rN+ MR++ Regen+ Str+3}
rCorr    +         Harm     .   u - +2 pair of gloves {Str+3}
MR       ++++.                  (no boots)
Stlth    ..........             v - amulet of regeneration
HPRegen  1.12/turn              g - ring of poison resistance
MPRegen  0.15/turn              E - +6 ring of strength

@: corroded
A: talons 2, iridescent scales 3, demonic guardian 1, fire resistance 1, spiny 2
a: Receive Corpses, Torment, Brand Weapon With Pain, Receive Necronomicon,
Renounce Religion


You were on level 1 of the Depths.
You worshipped Kikubaaqudgha.
Kikubaaqudgha was exalted by your worship.
You were hungry.

You visited 5 branches of the dungeon, and saw 25 of its levels.
You also visited: Bailey, Gauntlet and Volcano.

You collected 3573 gold pieces.
You spent 1567 gold pieces at shops.

Inventory:

Hand Weapons
 H - a +6 mace of electrocution (weapon)
 O - a +0 scimitar of flaming
Armour
 c - a +0 kite shield (worn)
 j - a +1 buckler of protection
 m - the +6 plate armour of the Shining Light (worn) {rCorr Str+4}
   (You bought it in a shop on level 13 of the Dungeon)

   It affects your strength (+4).
   It provides partial protection from all sources of acid and corrosion.
 p - a +1 hat
 u - a +2 pair of gloves of strength (worn)
 A - +0 fire dragon scales
 B - a +2 hat of magic resistance (worn)
 T - a scarf of repulsion
 U - a +2 cloak of poison resistance
 V - the +5 ring mail of True Grit {*Corrode rC+++ Str+3}
   (You took it off a minotaur in a Gauntlet)

   It affects your strength (+3).
   It renders you almost immune to cold.
   It may corrode you when you take damage.
 X - the +0 cloak of the End (worn) {rF- rN+ MR++ Regen+ Str+3}
   (You found it on level 4 of the Lair of Beasts)

   It affects your strength (+3).
   It makes you vulnerable to fire.
   It protects you from negative energy.
   It affects your resistance to hostile enchantments.
   It increases your rate of regeneration.
Jewellery
 g - a ring of poison resistance (left hand)
 v - an amulet of regeneration (around neck)
 E - a +6 ring of strength (right hand)
 I - an uncursed ring of wizardry
 M - a +4 ring of evasion
 P - a +6 ring of strength
 Q - the ring of Dushea {+Fly rN+ Stlth-}
   (You took it off a minotaur in a Gauntlet)

   [ring of attention]

   It protects you from negative energy.
   It lets you fly.
   It makes you less stealthy.
 S - the ring "Cesufih" {rF+ rC- Int+6 Dex+4}
   (You found it in a Gauntlet)

   [ring of intelligence]

   It affects your intelligence (+6).
   It affects your dexterity (+4).
   It protects you from fire.
   It makes you vulnerable to cold.
 Y - an uncursed ring of stealth
Wands
 k - a wand of digging (5)
 x - a wand of disintegration (35)
 J - a wand of acid (5)
 K - a wand of paralysis (3)
 R - a wand of clouds (19)
Scrolls
 b - 3 scrolls of fear
 e - 3 scrolls of teleportation
 n - 17 scrolls of remove curse
 o - 3 scrolls of amnesia
 w - a scroll of blinking
 G - a scroll of enchant armour
 L - 2 scrolls of fog
 N - a scroll of brand weapon
 Z - a scroll of identify
Potions
 d - a potion of might
 h - 11 potions of curing
 i - a potion of lignification
 l - 2 potions of haste
 q - 4 potions of berserk rage
 r - 5 potions of mutation
 s - 6 potions of stabbing
 t - 5 potions of heal wounds
 z - a potion of ambrosia
 D - 5 potions of flight
 F - 7 potions of brilliance
Comestibles
 f - 35 rations


   Skills:
 + Level 14.3 Fighting
 + Level 13.6 Maces & Flails
 + Level 7.1 Armour
 - Level 15.8 Shields
 * Level 9.8 Necromancy


You had 15 spell levels left.
You didn't know any spells.
Your spell library contained the following spells:

 Spells                   Type           Power        Failure   Level  Hunger
 Animate Skeleton         Necr           N/A          3%          1    ##.....
 Pain                     Necr           ###.         3%          1    ##.....
 Sublimation of Blood     Necr           ###.......   5%          2    ###....
 Vampiric Draining        Necr           ###.......   11%         3    ####...
 Animate Dead             Necr           N/A          34%         4    #####..
 Dispel Undead            Necr           ###.....     34%         4    #####..
 Corpse Rot               Necr/Air       N/A          38%         2    ###....
 Agony                    Necr           ###.....     69%         5    ######.
 Freeze                   Ice            #...         89%         1    ##.....
 Magic Dart               Conj           #...         89%         1    ##.....
 Shock                    Conj/Air       #...         89%         1    ##.....
 Summon Butterflies       Summ           #.......     89%         1    ##.....
 Summon Small Mammal      Summ           #...         89%         1    ##.....
 Blink                    Tloc           N/A          96%         2    ###....
 Call Imp                 Summ           #.......     96%         2    ###....
 Passwall                 Tmut/Erth      #.......     96%         2    ###....
 Slow                     Hex            #.......     96%         2    ###....
 Swiftness                Chrm/Air       #.......     96%         2    ###....
 Call Canine Familiar     Summ           #.......     99%         3    ####...
 Confusing Touch          Hex            #.......     99%         3    ####...
 Conjure Flame            Conj/Fire      #.......     99%         3    ####...
 Frozen Ramparts          Ice            #.....       99%         3    ####...
 Gell's Gravitas          Tloc           #.........   99%         3    ####...
 Mephitic Cloud           Conj/Pois/Air  #.......     99%         3    ####...
 Ozocubu's Armour         Chrm/Ice       #.......     99%         3    ####...
 Summon Guardian Golem    Hex/Summ       #.......     99%         3    ####...
 Death Channel            Necr           ###.......   99%         6    #######
 Cause Fear               Hex            #.........   100%        4    #####..
 Hailstorm                Conj/Ice       #.......     100%        4    #####..
 Passage of Golubria      Tloc           N/A          100%        4    #####..
 Petrify                  Tmut/Erth      #.......     100%        4    #####..
 Summon Ice Beast         Ice/Summ       #.......     100%        4    #####..
 Summon Lightning Spire   Summ/Air       #.......     100%        4    #####..
 Excruciating Wounds      Chrm/Necr      ##........   100%        5    ######.
 Lee's Rapid Deconstruct  Erth           #.........   100%        5    ######.
 Metabolic Englaciation   Hex/Ice        #.........   100%        5    ######.
 Silence                  Hex/Air        #.........   100%        5    ######.
 Summon Mana Viper        Hex/Summ       #.......     100%        5    ######.
 Yara's Violent Unravell  Hex/Tmut       #.........   100%        5    ######.
 Darkness                 Hex            #.........   100%        6    #######
 Invisibility             Hex            #.......     100%        6    #######
 Simulacrum               Ice/Necr       ##........   100%        6    #######
 Summon Hydra             Summ           #.........   100%        7    #######
 Discord                  Hex            #.........   100%        8    #######


Dungeon Overview and Level Annotations

Branches:
Dungeon (15/15)            Temple (1/1) D:6            Lair (6/6) D:11
 Shoals (0/4) Lair:3        Snake (0/4) Lair:2        Slime (0/5) Lair:6
    Orc (2/2) D:9             Elf (0/3) Orc:2        Vaults (0/5) D:14
 Depths (1/5) D:15         Bailey (visited)         Volcano (visited)
Gauntlet (visited)

Altars:
Ashenzari
Cheibriados
Dithmenos
Elyvilon
Fedhas
Gozag
Hepliaklqana
Kikubaaqudgha
Makhleb
Nemelex Xobeh
Okawaru
Qazlal
Ru
Sif Muna
Trog
Uskayaw
Vehumet
Wu Jian
Xom
Yredelemnul
Zin
The Shining One
Beogh

Shops:
D:13 [   Orc:1 *   Orc:2 :([*

Portals:
Hell: Depths:1

Annotations:
D:3 3 runed translucent doors, tsbored's ghost, amateur KoAr
Lair:1 exclusion: oklob plant
Lair:3 3 runed translucent doors, exclusion: oklob plant, Gadfly's ghost, journeyman TrGl


Innate Abilities, Weirdness & Mutations

You have razor-sharp toenails.
You are completely covered in iridescent scales. (AC +6)
A weak demonic guardian rushes to your aid.
Your flesh is heat resistant. (rF+)
You are mostly covered in sharp spines.


Message History

You block the spark wasp's attack.
You barely miss the spark wasp. Your kick misses the spark wasp.
The spark wasp is heavily wounded.
You are feeling hungry.
The spark wasp is struck by your spines.
The spark wasp stings you but does no damage.
You closely miss the spark wasp. You claw the spark wasp!
The spark wasp is almost dead.
The spark wasp bursts into living lightning!
The living lightning hits you!! The living lightning hits your quasit!!
Your quasit dies!
The spark wasp blinks!
The spark wasp bursts into living lightning!
The living lightning hits you!
* * * LOW HITPOINT WARNING * * *
The spark wasp blinks! x2; The spark wasp stings you!!
* * * LOW HITPOINT WARNING * * *
The spark wasp shocks you!
You die...
Kikubaaqudgha rasps: "You have failed me!
Welcome... death!"

..#.#.#
.#.#§#
...#.#
######..#.#
#.......#.#
#.......#.#
#.....)†#.#
#.......#y#
#.......#@#
.........#)#
##.......[.#
#.....#.###
####'##.# #.
#.# #. #.#
.(> ###


You could see a spark wasp.

Vanquished Creatures
  A caustic shrike (Depths:1)
  Gastronok (Lair:1)
  A fire giant (D:15)
  An orc warlord (Orc:2)
  A frost giant (Depths:1)
  Nessos (D:13)
  3 stone giants
  A very ugly thing (Depths:1)
  A dire elephant (Gauntlet)
  A minotaur (Gauntlet)
  An ettin (Depths:1)
  3 jiangshi (Depths:1)
  3 fire dragons
  Josephine (D:11)
  7 hydras
  Erolcha (D:9)
  2 ice dragons
  4 two-headed ogres
  An ogre mage (Depths:1)
  4 centaur warriors
  3 tengu warriors
  2 vampire magi (Depths:1)
  An orc high priest (Orc:2)
  9 death yaks
  Sonja (D:10)
  Nergalle (D:11)
  3 unseen horrors
  2 deep trolls (Depths:1)
  4 orc knights
  2 lindwurms (Lair:6)
  A necromancer (D:14)
  2 orc sorcerers
  A wolf spider (D:15)
  Pikel (D:8)
  A deep elf mage (D:13)
  3 cyclopes
  A manticore (D:14)
  A black mamba (Lair:6)
  A worldbinder (Gauntlet)
  A moth of wrath (Gauntlet)
  7 ugly things
  2 elephants (Gauntlet)
  A merfolk siren (Lair:3)
  Maurice (D:11)
  2 molten gargoyles (Volcano)
  5 torpor snails (Lair:6)
  2 centaur zombies
  3 gargoyles
  2 efreet
  11 spiny frogs
  A freezing wraith (D:13)
  7 yaktaurs (Depths:1)
  9 komodo dragons
  4 rime drakes
  7 trolls
  3 tyrant leeches (Lair:6)
  7 hornets (Lair:6)
  A meliai zombie (D:14)
  12 hippogriffs
  23 blink frogs
  3 shadows
  Sigmund (D:3)
  63 yaks
  8 wraiths
  4 wyverns
  2 fire bats (Volcano)
  A vampire (D:12)
  A fire elemental (Volcano)
  2 vampire mosquitoes (D:15)
  A steam dragon (shapeshifter) (D:13)
  5 basilisks
  3 hungry ghosts
  A steam dragon (D:11)
  A warg (D:15)
  2 nagas (Lair:2)
  Edmund (D:6)
  2 acid dragons
  9 porcupines
  37 orc warriors
  11 water moccasins
  3 sky beasts
  6 ice beasts
  2 phantoms
  12 boggarts
  8 centaurs
  5 wolves (Gauntlet)
  11 ogres
  10 crocodiles
  A big kobold (shapeshifter) (D:13)
  2 earth elementals (Volcano)
  15 bullfrogs
  A wyvern zombie (D:14)
  2 scorpions
  15 killer bees
  12 wights (D:7)
  A howler monkey (D:7)
  9 crimson imps
  10 hounds
  3 lava snakes (Volcano)
  A quasit (D:12)
  7 jellies
  32 orc priests
  2 centaur skeletons
  45 orc wizards
  4 iguanas
  12 worker ants
  A killer bee zombie (D:9)
  A worker ant zombie (D:7)
  A howler monkey skeleton (D:6)
  12 adders
  2 shadow imps
  5 oozes
  2 adder zombies
  2 adder skeletons
  6 worms
  A dart slug (D:5)
  6 leopard geckos
  118 orcs
  10 bats
  8 giant cockroaches
  8 goblins
  10 hobgoblins
  10 jackals
  2 quokkas
  A ball python (D:2)
  A ball python skeleton (D:4)
  8 frilled lizards
  10 kobolds
  2 leopard gecko skeletons
  9 rats
  A fungus (Lair:3)
  A plant (Lair:6)
817 creatures vanquished.

Vanquished Creatures (collateral kills)
  A hydra (Lair:4)
  A tengu warrior (D:15)
  A cyclops (D:13)
  A spiny frog (Lair:1)
  A gargoyle (D:12)
  2 yaks
  An orc warrior (D:15)
  An eye of draining (D:13)
  An ogre (D:10)
  A bullfrog (D:12)
  2 scorpions (D:4)
  A howler monkey (D:4)
  A crimson imp (D:9)
  3 orc priests
  An orc wizard (D:7)
  A bullfrog skeleton (D:10)
  Jessica (D:2)
  An iguana (D:9)
  A worker ant (D:4)
  2 adders
  6 orcs
  A hobgoblin (D:3)
  A kobold (D:3)
  A leopard gecko skeleton (D:4)
  A rat (D:2)
35 creatures vanquished.

Vanquished Creatures (others)
  A wolf spider (Lair:6)
  2 slaves (D:8)
  2 ogres
  A plant (Lair:6)
6 creatures vanquished.

Grand Total: 858 creatures vanquished

Notes
Turn   | Place    | Note
-------+----------+-------------------------------------------
     0 | D:1      | Sweebthomas the Demonspawn Fighter began the quest for the
                  | Orb.
     0 | D:1      | Reached XP level 1. HP: 18/18 MP: 1/1
   221 | D:1      | Reached skill level 3 in Shields
   222 | D:1      | Gained mutation: A weak demonic guardian rushes to your
                  | aid. [demonic ancestry]
   222 | D:1      | Reached XP level 2. HP: 22/24 MP: 2/2
   528 | D:1      | Gained mutation: You are partially covered in iridescent
                  | scales. (AC +2) [demonic ancestry]
   528 | D:1      | Reached XP level 3. HP: 24/29 MP: 3/3
   798 | D:2      | Noticed Jessica
   802 | D:2      | Killed Jessica
  1115 | D:2      | Gained mutation: You are partially covered in sharp spines.
                  | [demonic ancestry]
  1115 | D:2      | Reached XP level 4. HP: 27/35 MP: 4/4
  1411 | D:2      | Found a white marble altar of Elyvilon.
  1742 | D:3      | Found an ornate altar of the Wu Jian Council.
  1743 | D:3      | Noticed Sigmund
  1755 | D:3      | Killed Sigmund
  1755 | D:3      | Reached skill level 4 in Shields
  1755 | D:3      | Gained mutation: You are mostly covered in iridescent
                  | scales. (AC +4) [demonic ancestry]
  1755 | D:3      | Reached XP level 5. HP: 42/42 MP: 5/5
  2058 | D:3      | Reached XP level 6. HP: 48/48 MP: 4/6
  2189 | D:3      | Reached skill level 5 in Shields
  2209 | D:3      | HP: 2/49 [orc priest/divine providence (10)]
  2835 | D:3      | Found a runed translucent gate.
  2836 | D:3      | Found a runed translucent gate.
  2836 | D:3      | Found a runed translucent gate.
  2837 | D:3      | Noticed tsbored's ghost (amateur KoAr)
  3175 | D:4      | Gained mutation: You are completely covered in iridescent
                  | scales. (AC +6) [demonic ancestry]
  3175 | D:4      | Reached XP level 7. HP: 55/55 MP: 7/7
  3212 | D:4      | Reached skill level 5 in Fighting
  3374 | D:4      | Reached skill level 6 in Shields
  4030 | D:5      | Entered Level 5 of the Dungeon
  4474 | D:5      | Gained mutation: You have sharp toenails. [demonic
                  | ancestry]
  4474 | D:5      | Reached XP level 8. HP: 52/63 MP: 8/8
  4716 | D:5      | Reached skill level 7 in Shields
  5049 | D:6      | You fall into a shaft and drop 1 floor!
  5136 | D:7      | Reached skill level 5 in Maces & Flails
  5254 | D:7      | Reached skill level 8 in Shields
  5483 | D:7      | Reached XP level 9. HP: 71/71 MP: 9/9
  5958 | D:7      | Reached skill level 9 in Shields
  5981 | D:7      | Identified a scroll of acquirement
  5981 | D:7      | Acquired 670 gold pieces
  6126 | D:7      | You fall into a shaft and drop 1 floor!
  6402 | D:8      | Found a hide-covered altar of Uskayaw.
  6402 | D:8      | Noticed a +0 hand axe
  6402 | D:8      | Noticed a +0 dagger
  6404 | D:8      | Noticed Pikel
  6414 | D:8      | Found a flagged portal.
  6440 | D:8      | Killed Pikel
  6440 | D:8      | Gained mutation: Your flesh is heat resistant. (rF+)
                  | [demonic ancestry]
  6440 | D:8      | Reached XP level 10. HP: 68/80 MP: 10/10
  6563 | D:8      | Noticed a moth of wrath
  6566 | D:8      | Found a bloodstained altar of Trog.
  6783 | D:8      | Found a shimmering blue altar of Sif Muna.
  6789 | D:8      | Reached skill level 10 in Shields
  6793 | D:8      | Found an ancient bone altar of Kikubaaqudgha.
  6800 | D:8      | Found a radiant altar of Vehumet.
  6821 | D:8      | Identified Vehumet's Guide on Attacks
  7015 | D:6      | Found a staircase to the Ecumenical Temple.
  7179 | D:6      | Noticed Edmund
  7189 | D:6      | Killed Edmund
  7330 | Temple   | Entered the Ecumenical Temple
  7469 | D:8      | Became a worshipper of Kikubaaqudgha
  7740 | D:6      | Found a shimmering altar of Xom.
  7746 | D:6      | Found a shimmering altar of Xom.
  7746 | D:6      | Found a shimmering altar of Xom.
  7746 | D:6      | Found a shimmering altar of Xom.
  7746 | D:6      | Found a shimmering altar of Xom.
  7768 | D:6      | Found a shimmering altar of Xom.
  7769 | D:6      | Found a shimmering altar of Xom.
  8167 | D:9      | Noticed Erolcha
  8176 | D:9      | Killed Erolcha
  8334 | D:9      | Reached skill level 11 in Shields
  8346 | D:9      | Reached * piety under Kikubaaqudgha
  8346 | D:9      | Identified Kikubaaqudgha's Handbook of Darkness
                  | (Kikubaaqudgha gifted it to you on level 9 of the Dungeon)
  8346 | D:9      | Received a gift from Kikubaaqudgha
  8646 | D:9      | Gained mutation: You are mostly covered in sharp spines.
                  | [demonic ancestry]
  8646 | D:9      | Reached XP level 11. HP: 89/89 MP: 11/11
  8772 | D:9      | Found a staircase to the Orcish Mines.
  8902 | D:9      | Reached ** piety under Kikubaaqudgha
  9061 | D:10     | Entered Level 10 of the Dungeon
  9315 | D:10     | Noticed Sonja
  9325 | D:10     | Killed Sonja
  9549 | D:10     | Reached skill level 12 in Shields
  9581 | D:10     | Found a roughly hewn altar of Beogh.
 10064 | Orc:1    | Entered Level 1 of the Orcish Mines
 10064 | Orc:1    | Noticed an orc knight
 10194 | D:11     | Found a staircase to the Lair.
 10296 | D:11     | Noticed Nergalle
 10315 | D:11     | Killed Nergalle
 10319 | D:11     | Reached skill level 10 in Fighting
 10514 | D:11     | Noticed Maurice
 10533 | D:11     | Killed Maurice
 10678 | D:11     | Noticed Josephine
 10702 | D:11     | Killed Josephine
 10713 | D:11     | Reached *** piety under Kikubaaqudgha
 10713 | D:11     | Identified Kikubaaqudgha's Reference Book on Unholy Magic
                  | (Kikubaaqudgha gifted it to you on level 11 of the Dungeon)
 10713 | D:11     | Received a gift from Kikubaaqudgha
 10723 | D:11     | Reached XP level 12. HP: 41/98 MP: 12/12
 10929 | D:11     | Reached skill level 13 in Shields
 11384 | D:12     | Found a flagged portal.
 11393 | Bailey   | Entered a bailey
 12542 | D:13     | Reached **** piety under Kikubaaqudgha
 12657 | D:13     | Reached skill level 10 in Maces & Flails
 12990 | D:13     | Noticed a two-headed ogre
 12998 | D:13     | Killed a two-headed ogre
 12998 | D:13     | Reached skill level 14 in Shields
 13042 | D:13     | Found an opulent altar of Gozag.
 13044 | D:13     | Noticed a centaur warrior
 13056 | D:13     | Killed a centaur warrior
 13145 | D:13     | Noticed a centaur warrior
 13161 | D:13     | Killed a centaur warrior
 13247 | D:13     | Noticed an eight-headed hydra
 13257 | D:13     | Killed an eight-headed hydra
 13257 | D:13     | Gained mutation: You have razor-sharp toenails. [demonic
                  | ancestry]
 13257 | D:13     | Reached XP level 13. HP: 63/106 MP: 13/13
 13352 | D:13     | Noticed Nessos
 13383 | D:13     | Killed Nessos
 13838 | D:13     | Found Wuigi's Armour Boutique.
 13841 | D:13     | Bought the +6 plate armour of the Shining Light {rCorr
                  | Str+4} for 888 gold pieces
 14142 | Orc:1    | Reached ***** piety under Kikubaaqudgha
 14284 | Orc:1    | Paralysed by an orc sorcerer for 4 turns
 14547 | Orc:2    | Entered Level 2 of the Orcish Mines
 14547 | Orc:2    | Found a staircase to the Elven Halls.
 14553 | Orc:2    | Found a roughly hewn altar of Beogh.
 14593 | Orc:2    | Found a roughly hewn altar of Beogh.
 14611 | Orc:2    | Found Voluwe Cata's Book Boutique.
 14751 | Orc:2    | Noticed an orc warlord
 14769 | Orc:2    | Found a roughly hewn altar of Beogh.
 14821 | Orc:2    | Found a roughly hewn altar of Beogh.
 15044 | Orc:2    | Killed an orc warlord
 15205 | Orc:2    | Found Ithrived's Antique Weapon Shoppe.
 15206 | Orc:2    | Found a roughly hewn altar of Beogh.
 15210 | Orc:2    | Found Masif's Antique Armour Emporium.
 15227 | Orc:2    | Bought a pair of embroidered gloves for 210 gold pieces
 15700 | Orc:2    | Found a roughly hewn altar of Beogh.
 15715 | Orc:2    | Found Afepposh's General Store.
 15720 | Orc:2    | Bought a scroll of brand weapon for 280 gold pieces
 15916 | Orc:1    | Found Muatratwa's Assorted Antiques.
 15953 | Orc:1    | Bought 2 cyan potions for 63 gold pieces
 16108 | Orc:2    | Bought a scroll of fear for 49 gold pieces
 16108 | Orc:2    | Bought a scroll of identify for 28 gold pieces
 16108 | Orc:2    | Bought a scroll of fear for 49 gold pieces
 16288 | Lair:1   | Entered Level 1 of the Lair of Beasts
 16288 | Lair:1   | Found a dark tunnel.
 16297 | Volcano  | Entered a volcano
 16335 | Volcano  | Reached skill level 15 in Shields
 16502 | Volcano  | Found a radiant altar of Vehumet.
 16550 | Volcano  | Reached ****** piety under Kikubaaqudgha
 16667 | Volcano  | Noticed a stone giant
 16678 | Volcano  | Killed a stone giant
 17293 | Lair:1   | Noticed Gastronok
 17308 | Lair:1   | Killed Gastronok
 17619 | Lair:2   | Found a staircase to the Snake Pit.
 17870 | Lair:2   | Reached XP level 14. HP: 103/116 MP: 14/14
 18571 | Lair:3   | Found a runed translucent gate.
 18571 | Lair:3   | Found a runed translucent gate.
 18571 | Lair:3   | Found a runed translucent gate.
 18574 | Lair:3   | Found a gate leading to a gauntlet.
 18602 | Gauntlet | Entered a Gauntlet
 18602 | Gauntlet | Found a transporter.
 18602 | Gauntlet | Found a transporter.
 18602 | Gauntlet | Found a transporter.
 18612 | Gauntlet | Found a transporter.
 18615 | Gauntlet | Found a transporter.
 18654 | Gauntlet | Got a warped amber ring
 18659 | Gauntlet | Identified the ring "Cesufih" {rF+ rC- Int+6 Dex+4} (You
                  | found it in a Gauntlet)
 18671 | Gauntlet | Found a transporter.
 18671 | Gauntlet | Found a transporter.
 18721 | Gauntlet | Found a transporter.
 18764 | Gauntlet | Found a transporter.
 18803 | Gauntlet | Identified the cursed +1 shortbow of Distraction {freeze,
                  | Str+3}
 18803 | Gauntlet | Identified the +5 ring mail of True Grit {*Corrode rC+++
                  | Str+3}
 18803 | Gauntlet | Identified the ring of Dushea {+Fly rN+ Stlth-}
 19131 | Lair:3   | Found a staircase to the Shoals.
 19307 | Lair:3   | Noticed Gadfly's ghost (journeyman TrGl)
 19768 | Lair:4   | Got a crude cloak
 19779 | Lair:4   | Identified the +0 cloak of the End {rF- rN+ MR++ Regen+
                  | Str+3} (You found it on level 4 of the Lair of Beasts)
 19956 | Lair:4   | Reached skill level 1 in Necromancy
 21589 | Lair:6   | Entered Level 6 of the Lair of Beasts
 21917 | Lair:6   | Reached XP level 15. HP: 121/124 MP: 15/15
 22032 | Lair:6   | Found a staircase to the Slime Pits.
 22039 | Lair:6   | Reached skill level 5 in Armour
 22202 | Lair:6   | Found a runed translucent door.
 22257 | Lair:6   | Reached skill level 5 in Necromancy
 23296 | D:14     | Found a gate to the Vaults.
 23602 | D:15     | Entered Level 15 of the Dungeon
 23725 | D:15     | Noticed a fire giant
 23789 | D:15     | Killed a fire giant
 23806 | D:15     | Found a staircase to the Depths.
 24657 | Depths:1 | Entered Level 1 of the Depths
 24658 | Depths:1 | Found a gateway to Hell.
 24738 | Depths:1 | Noticed a frost giant
 24758 | Depths:1 | Killed a frost giant
 25177 | Depths:1 | Noticed a caustic shrike
 25458 | Depths:1 | Reached XP level 16. HP: 56/133 MP: 16/16
 25545 | Depths:1 | Killed a caustic shrike
 25584 | Depths:1 | Mangled by a spark wasp

Illustrated notes

Levels and vault maps discovered:
D:1:      grunt_arrival_crossed_arrows, layout_basic
D:2:      layout_rooms, elyvilon_altar_5, serial_curves, eino_curves_03,
          eino_curves_01, eino_curves_01, minmay_splitting_lines, uniq_jessica
D:3:      minmay_evil_eye, layout_basic, lemuel_round_altar,
          ebering_ghost_rock_garden, uniq_sigmund
D:4:      layout_cave_pools, first_ration
D:5:      layout_basic, chequers_serial_rivers_micro_c, minmay_chambers_of_fives
D:6:      layout_gridville, xom_redecorated, minmay_temple_entry_large_hall,
          uniq_edmund
D:7:      layout_loops_cross, grunt_ministairs_13, grunt_ogre_cave
D:8:      layout_loops_ring, palyth_temple_overflow_mages, tgw_trog,
          dancing_weapons_uskayaw, enter_bailey_6, uniq_pikel
D:9:      layout_cave_pools, david_orc_4, uniq_erolcha
D:10:     layout_basic, david_defended_altar_orc, uniq_sonja
D:11:     layout_cross, lair_entry_dummy, serial_park, uniq_josephine,
          uniq_nergalle, uniq_maurice
D:12:     layout_small_grid, enter_bailey_2, kennysheep_nondescript,
          patterned_corridor
D:13:     layout_gridville, serial_shops, kennysheep_mini_moat,
          nicolae_gozag_seed_capital, uniq_nessos
D:14:     layout_cave_pools, david_vaults_1, chequers_serial_rivers_small_b,
          minmay_misc_feat_iff
D:15:     grunt_enter_depths_giant_problem, layout_loops_ring,
          corexii_corridor_pit, grunt_decor_mini_mirrors
Temple:   eino_temple_lava
Lair:1:   layout_concentric_octagons, enter_volcano_1,
          minmay_lair_oklob_chamber, uniq_gastronok
Lair:2:   layout_big_grid, guppyfry_snake_entry_island
Lair:3:   layout_chaotic_city, minmay_shoals_entry_lonely_mermaid,
          gammafunk_ghost_icy, gauntlet_entry_generic
Lair:4:   layout_regular_city, grunt_megastairs_5
Lair:5:   layout_regular_city, infiniplex_staircase_pool_2
Lair:6:   wormcave, layout_gridlike, nicolae_slime_entry_slimehenge
Orc:1:    layout_caves, serial_shops, nicolae_shop_stone
Orc:2:    grunt_orc_community_town_hall, layout_caves,
          grunt_orc_community_big_house_2, grunt_orc_community_big_house_2,
          grunt_orc_community_house_2, grunt_orc_community_house_1,
          grunt_orc_community_house_3, grunt_orc_community_house_1,
          grunt_orc_community_house_3, grunt_orc_community_house_1
Depths:1: minmay_the_grid_octo_tiled_squarecenter
          [minmay_the_grid_octo_concentric, minmay_the_grid_octo_teeth,
          minmay_the_grid_octo_odd_swirl, minmay_the_grid_octo_77,
          minmay_the_grid_square_5x5_megaprize_open,
          minmay_the_grid_square_5x5_comb, minmay_the_grid_square_5x5_n,
          minmay_the_grid_square_5x5_shrine1,
          minmay_the_grid_square_5x5_checkered_statues], layout_basic,
          hell_entry, grunt_pan_entry_sceptre, lightli_minifort

Skill      XL: |  1  2  3  4  5  6  7  8  9 10 11 12 13 14 15 16 |
---------------+-------------------------------------------------+-----
Shields        | 3 4 5 6 8 9 11 12 14 15 | 15.8
Maces & Flails | 2 3 4 5 6 8 9 10 11 12 13 | 13.6
Fighting       | 4 5 6 7 9 10 11 12 13 14 | 14.3
Armour         | 4 6 7 |  7.1
Necromancy     | 4 9 |  9.8

Action                   |  1- 3 |  4- 6 |  7- 9 | 10-12 | 13-15 | 16-18 || total
-------------------------+-------+-------+-------+-------+-------+-------++-------
Melee: Flail             |   110 |   121 |       |       |       |       ||   231
       Whip              |       |    47 |   254 |       |       |       ||   301
       Kick              |       |       |    81 |   296 |   630 |    24 ||  1031
       Mace              |       |       |   177 |   847 |  1403 |    43 ||  2470
  Use: Scroll            |       |     8 |    13 |     9 |    16 |       ||    46
       Potion            |       |     3 |       |     6 |     2 |     1 ||    12
 Stab: Distracted        |       |     1 |       |     5 |     9 |       ||    15
       Invisible         |       |     1 |       |     1 |       |       ||     2
  Eat: Chunk             |     1 |     7 |     7 |    25 |    35 |       ||    75
       Ration            |       |       |     1 |     1 |     2 |       ||     4
Armor: Scale mail        |    81 |    63 |    85 |       |       |       ||   229
       Plate armour      |       |       |    83 |   387 |   531 |    19 ||  1020
       Ring mail         |       |       |       |       |     2 |       ||     2
Dodge: Dodged            |    44 |    36 |    72 |   254 |   336 |     6 ||   748
Block: Kite shield       |    65 |    83 |   232 |   563 |   867 |    19 ||  1829
